2712 views
Uploaded 2020-02-01 13:06:22
Game version 1.32 / 1.32.1
28:17 long 4on4 ladder game on (8)Feralas_LV
Saved by BEARAND
2712 views
Uploaded 2020-02-01 13:06:22
Game version 1.32 / 1.32.1
28:17 long 4on4 ladder game on (8)Feralas_LV


201 units @ 33.9k
/ 5k
132 buildings @ 13.6k
/ 5.4k


| Scroll of Regeneration | 2 | 200 |
| Scroll of Town Portal | 1 | 350 |
| total: | 3 | 550g |
| Peasant | 11 | 825 | / | 0 |
| Footman | 2 | 270 | / | 0 |
| Rifleman | 35 | 7175 | / | 1050 |
| Knight | 5 | 1225 | / | 300 |
| Mortar Team | 2 | 360 | / | 140 |
| total: | 55 | 9855g | / | 1490w |
| Scout Tower | 20 | 600 | / | 400 |
| Arcane Tower | 3 | 210 | / | 150 |
| Guard Tower | 3 | 210 | / | 150 |
| Altar of Kings | 1 | 180 | / | 50 |
| Barracks | 1 | 160 | / | 60 |
| Farm | 30 | 2400 | / | 600 |
| Arcane Vault | 1 | 130 | / | 30 |
| Blacksmith | 1 | 140 | / | 60 |
| Lumber Mill | 1 | 120 | / | 0 |
| Town Hall | 1 | 385 | / | 205 |
| Cannon Tower | 1 | 120 | / | 100 |
| Workshop | 1 | 140 | / | 140 |
| Keep | 1 | 320 | / | 210 |
| Castle | 1 | 360 | / | 210 |
| total: | 57 | 4255g | / | 1545w |
| 0:03 | Altar of Kings |
| 0:06 | Peasant |
| 0:06 | Peasant |
| 0:21 | Barracks |
| 1:24 | Farm |
| 2:06 | Arcane Vault |
| 2:18 | Summon Water Elemental |
| 3:15 | Blacksmith |
| 3:34 | Footman |
| 3:34 | Footman |
| 3:58 | Brilliance Aura |
| 4:03 | Peasant |
| 4:03 | Peasant |
| 4:03 | Peasant |
| 4:04 | Peasant |
| 4:10 | Farm |
| 4:11 | Farm |
| 4:11 | Farm |
| 4:12 | Farm |
| 4:13 | Farm |
| 4:13 | Farm |
| 4:14 | Farm |
| 4:14 | Farm |
| 4:31 | Farm |
| 4:33 | Farm |
| 4:33 | Farm |
| 4:34 | Farm |
| 4:34 | Farm |
| 4:54 | Lumber Mill |
| 5:25 | Black Gunpowder |
| 5:51 | Rifleman |
| 5:51 | Rifleman |
| 5:51 | Rifleman |
| 5:52 | Rifleman |
| 6:49 | Keep |
| 7:02 | Scout Tower |
| 7:16 | Refined Gunpowder |
| 7:31 | Scout Tower |
| 7:32 | Arcane Tower |
| 7:43 | Scroll of Regeneration |
| 7:44 | Scroll of Regeneration |
| 11:00 | Summon Water Elemental |
| 11:04 | Guard Tower |
| 11:07 | Scout Tower |
| 11:12 | Studded Leather Armor |
| 12:12 | Rifleman |
| 12:12 | Rifleman |
| 12:12 | Rifleman |
| 12:12 | Rifleman |
| 12:12 | Rifleman |
| 12:13 | Rifleman |
| 12:13 | Rifleman |
| 13:09 | Scout Tower |
| 13:10 | Scout Tower |
| 13:10 | Scout Tower |
| 13:29 | Rifleman |
| 13:29 | Rifleman |
| 13:29 | Rifleman |
| 13:54 | Farm |
| 13:56 | Farm |
| 13:56 | Farm |
| 13:57 | Farm |
| 13:57 | Farm |
| 13:59 | Farm |
| 14:02 | Brilliance Aura |
| 14:05 | Guard Tower |
| 14:09 | Farm |
| 14:10 | Farm |
| 14:12 | Farm |
| 14:16 | Farm |
| 14:18 | Scout Tower |
| 14:27 | Improved Lumber Harvesting |
| 14:27 | Improved Masonry |
| 14:29 | Castle |
| 14:51 | Arcane Tower |
| 15:11 | Rifleman |
| 15:12 | Rifleman |
| 15:12 | Rifleman |
| 15:53 | Scout Tower |
| 16:47 | Imbued Gunpowder |
| 17:06 | Holy Light |
| 17:33 | Knight |
| 17:33 | Knight |
| 17:33 | Knight |
| 17:33 | Knight |
| 17:33 | Knight |
| 17:38 | Advanced Lumber Harvesting |
| 17:47 | Rifleman |
| 17:47 | Rifleman |
| 17:53 | Town Hall |
| 18:45 | Long Rifles |
| 19:09 | Advanced Masonry |
| 19:34 | Workshop |
| 20:57 | Scout Tower |
| 20:58 | Scout Tower |
| 20:58 | Scout Tower |
| 21:01 | Farm |
| 21:01 | Farm |
| 21:01 | Farm |
| 21:02 | Farm |
| 21:03 | Farm |
| 21:05 | Farm |
| 21:10 | Peasant |
| 21:10 | Peasant |
| 21:11 | Peasant |
| 21:11 | Peasant |
| 21:11 | Peasant |
| 21:59 | Rifleman |
| 21:59 | Rifleman |
| 21:59 | Rifleman |
| 21:59 | Rifleman |
| 21:59 | Rifleman |
| 23:10 | Guard Tower |
| 23:11 | Arcane Tower |
| 23:12 | Cannon Tower |
| 24:59 | Rifleman |
| 24:59 | Rifleman |
| 24:59 | Rifleman |
| 24:59 | Rifleman |
| 24:59 | Rifleman |
| 25:00 | Rifleman |
| 25:29 | Summon Water Elemental |
| 26:32 | Rifleman |
| 26:32 | Rifleman |
| 26:32 | Rifleman |
| 26:32 | Rifleman |
| 26:33 | Rifleman |
| 27:11 | Fragmentation Shards |
| 27:13 | Mortar Team |
| 27:13 | Mortar Team |
| 27:47 | Imbued Masonry |
| 27:54 | Reinforced Leather Armor |
| 28:48 | Scout Tower |
| 28:49 | Scout Tower |
| 28:50 | Scout Tower |
| 28:53 | Scout Tower |
| 28:54 | Scout Tower |
| 28:55 | Scout Tower |
| 28:57 | Scout Tower |
| 28:58 | Scout Tower |
| 28:59 | Scout Tower |
| 29:22 | Scroll of Town Portal |
| Right click | 1302 |
| Select | 361 |
| Select group | 163 |
| Build/train/purchase | 112 |
| Chat | 64 |
| Minimap ping | 23 |
| Assign group | 19 |
| Remove unit | 14 |
| Use ability | 8 |



| Scroll of Regeneration | 3 | 300 |
| Boots of Speed | 1 | 250 |
| total: | 4 | 550g |
| Peasant | 12 | 900 | / | 0 |
| Footman | 6 | 810 | / | 0 |
| Rifleman | 9 | 1845 | / | 270 |
| Mortar Team | 4 | 720 | / | 280 |
| Gryphon Rider | 8 | 2240 | / | 560 |
| Siege Engine | 3 | 585 | / | 180 |
| Flying Machine | 1 | 100 | / | 30 |
| total: | 43 | 7200g | / | 1320w |
| Scout Tower | 13 | 390 | / | 260 |
| Arcane Tower | 9 | 630 | / | 450 |
| Guard Tower | 3 | 210 | / | 150 |
| Altar of Kings | 1 | 180 | / | 50 |
| Farm | 15 | 1200 | / | 300 |
| Barracks | 2 | 320 | / | 120 |
| Arcane Vault | 1 | 130 | / | 30 |
| Blacksmith | 1 | 140 | / | 60 |
| Lumber Mill | 1 | 120 | / | 0 |
| Town Hall | 1 | 385 | / | 205 |
| Workshop | 2 | 280 | / | 280 |
| Gryphon Aviary | 4 | 560 | / | 600 |
| Keep | 2 | 640 | / | 420 |
| Castle | 1 | 360 | / | 210 |
| total: | 41 | 3705g | / | 1905w |
| 0:05 | Altar of Kings |
| 0:07 | Peasant |
| 0:07 | Peasant |
| 0:10 | Farm |
| 0:23 | Barracks |
| 0:40 | Peasant |
| 1:12 | Peasant |
| 1:19 | Arcane Vault |
| 1:25 | Footman |
| 1:32 | Farm |
| 1:37 | Peasant |
| 1:48 | Scout Tower |
| 2:00 | Summon Water Elemental |
| 2:10 | Footman |
| 2:22 | Arcane Tower |
| 2:24 | Peasant |
| 2:44 | Footman |
| 3:17 | Brilliance Aura |
| 3:21 | Keep |
| 3:23 | Footman |
| 3:34 | Farm |
| 4:05 | Farm |
| 4:54 | Scroll of Regeneration |
| 5:03 | Footman |
| 5:13 | Blacksmith |
| 5:18 | Lumber Mill |
| 5:30 | Footman |
| 5:33 | Scroll of Regeneration |
| 6:51 | Summon Water Elemental |
| 6:55 | Peasant |
| 6:55 | Peasant |
| 7:12 | Thunder Clap |
| 7:22 | Farm |
| 7:26 | Farm |
| 7:35 | Town Hall |
| 7:38 | Peasant |
| 7:43 | Farm |
| 7:50 | Studded Leather Armor |
| 8:10 | Peasant |
| 8:13 | Scout Tower |
| 10:52 | Peasant |
| 10:55 | Farm |
| 11:17 | Guard Tower |
| 11:57 | Peasant |
| 12:09 | Boots of Speed |
| 12:27 | Storm Bolt |
| 13:24 | Scout Tower |
| 13:38 | Castle |
| 13:44 | Barracks |
| 13:51 | Scroll of Regeneration |
| 14:03 | Black Gunpowder |
| 14:04 | Rifleman |
| 14:08 | Arcane Tower |
| 14:13 | Farm |
| 14:23 | Rifleman |
| 14:36 | Long Rifles |
| 14:59 | Rifleman |
| 14:59 | Rifleman |
| 15:08 | Farm |
| 15:38 | Scout Tower |
| 15:40 | Scout Tower |
| 15:47 | Scout Tower |
| 15:58 | Rifleman |
| 15:58 | Rifleman |
| 15:59 | Rifleman |
| 15:59 | Rifleman |
| 16:07 | Arcane Tower |
| 16:29 | Summon Lava Spawn |
| 17:05 | Farm |
| 17:08 | Farm |
| 17:11 | Iron Plating |
| 17:13 | Rifleman |
| 18:17 | Farm |
| 19:17 | Workshop |
| 19:20 | Workshop |
| 19:40 | Arcane Tower |
| 20:26 | Mortar Team |
| 20:26 | Mortar Team |
| 20:27 | Mortar Team |
| 20:28 | Mortar Team |
| 20:57 | Scout Tower |
| 22:09 | Arcane Tower |
| 22:12 | Scout Tower |
| 22:55 | Scout Tower |
| 22:56 | Scout Tower |
| 22:59 | Blizzard |
| 23:32 | Arcane Tower |
| 23:34 | Guard Tower |
| 23:53 | Arcane Tower |
| 24:00 | Gryphon Aviary |
| 24:02 | Gryphon Aviary |
| 24:09 | Keep |
| 24:15 | Gryphon Aviary |
| 25:23 | Gryphon Aviary |
| 25:28 | Farm |
| 26:19 | Gryphon Rider |
| 26:19 | Gryphon Rider |
| 26:19 | Gryphon Rider |
| 26:19 | Gryphon Rider |
| 26:19 | Gryphon Rider |
| 26:54 | Gryphon Rider |
| 27:34 | Gryphon Rider |
| 27:49 | Farm |
| 27:58 | Scout Tower |
| 28:01 | Scout Tower |
| 28:02 | Scout Tower |
| 28:22 | Gryphon Rider |
| 28:35 | Storm Hammers |
| 28:58 | Animal War Training |
| 29:15 | Arcane Tower |
| 29:16 | Guard Tower |
| 29:24 | Arcane Tower |
| 30:27 | Siege Engine |
| 30:27 | Siege Engine |
| 30:27 | Siege Engine |
| 30:27 | Flying Machine |
| 30:27 | Flying Machine Bombs |
| Right click | 922 |
| Select | 554 |
| Select group | 355 |
| Build/train/purchase | 130 |
| Misc. action | 127 |
| Chat | 117 |
| Assign group | 47 |
| Minimap ping | 41 |
| Use ability | 12 |
| Remove unit | 3 |
| Item give/drop | 1 |


| Rod of Necromancy | 1 | 150 |
| Orb of Corruption | 1 | 375 |
| Potion of Healing | 1 | 150 |
| Scroll of Town Portal | 1 | 350 |
| total: | 4 | 1025g |
| Acolyte | 11 | 825 | / | 0 |
| Ghoul | 3 | 360 | / | 0 |
| Crypt Fiend | 11 | 2365 | / | 440 |
| Obsidian Statue | 6 | 1200 | / | 210 |
| Meat Wagon | 11 | 2530 | / | 550 |
| total: | 42 | 7280g | / | 1200w |
| Nerubian Tower | 1 | 100 | / | 20 |
| Spirit Tower | 5 | 725 | / | 200 |
| Altar of Darkness | 1 | 180 | / | 50 |
| Ziggurat | 9 | 1350 | / | 450 |
| Crypt | 2 | 400 | / | 100 |
| Graveyard | 1 | 215 | / | 0 |
| Tomb of Relics | 1 | 130 | / | 30 |
| Slaughterhouse | 1 | 140 | / | 135 |
| Sacrificial Pit | 1 | 75 | / | 150 |
| Halls of the Dead | 1 | 320 | / | 210 |
| Black Citadel | 1 | 325 | / | 230 |
| total: | 16 | 2490g | / | 915w |
| 0:05 | Acolyte |
| 0:05 | Acolyte |
| 0:09 | Altar of Darkness |
| 0:12 | Ziggurat |
| 0:33 | Crypt |
| 0:59 | Graveyard |
| 1:14 | Tomb of Relics |
| 1:24 | Nerubian Tower |
| 1:36 | Ghoul |
| 1:50 | Ghoul |
| 2:06 | Ziggurat |
| 2:09 | Ziggurat |
| 2:15 | Death Coil |
| 2:21 | Rod of Necromancy |
| 2:40 | Crypt Fiend |
| 3:11 | Halls of the Dead |
| 3:45 | Crypt Fiend |
| 3:55 | Creature Attack |
| 4:16 | Crypt Fiend |
| 4:28 | Unholy Aura |
| 4:34 | Ziggurat |
| 4:46 | Crypt Fiend |
| 5:16 | Crypt Fiend |
| 5:35 | Spirit Tower |
| 5:39 | Creature Carapace |
| 5:45 | Slaughterhouse |
| 6:10 | Death Coil |
| 6:42 | Ziggurat |
| 6:54 | Obsidian Statue |
| 7:22 | Frost Nova |
| 7:26 | Obsidian Statue |
| 7:54 | Black Citadel |
| 11:17 | Web |
| 11:20 | Improved Creature Attack |
| 12:18 | Crypt Fiend |
| 12:21 | Ziggurat |
| 12:24 | Spirit Tower |
| 13:27 | Unholy Aura |
| 13:33 | Crypt Fiend |
| 13:33 | Crypt Fiend |
| 13:36 | Acolyte |
| 13:36 | Acolyte |
| 13:39 | Destroyer Form |
| 13:43 | Crypt |
| 14:27 | Frost Armor |
| 14:59 | Crypt Fiend |
| 14:59 | Crypt Fiend |
| 15:05 | Obsidian Statue |
| 15:33 | Ghoul |
| 15:51 | Ziggurat |
| 16:01 | Acolyte |
| 16:01 | Acolyte |
| 16:03 | Acolyte |
| 16:34 | Acolyte |
| 16:52 | Spirit Tower |
| 17:27 | Obsidian Statue |
| 17:29 | Crypt Fiend |
| 17:58 | Improved Creature Carapace |
| 18:03 | Orb of Corruption |
| 18:32 | Ziggurat |
| 18:32 | Ziggurat |
| 18:49 | Obsidian Statue |
| 19:16 | Meat Wagon |
| 19:27 | Spirit Tower |
| 19:29 | Meat Wagon |
| 21:07 | Meat Wagon |
| 21:08 | Meat Wagon |
| 21:22 | Meat Wagon |
| 23:29 | Meat Wagon |
| 23:29 | Meat Wagon |
| 23:29 | Meat Wagon |
| 23:32 | Advanced Creature Carapace |
| 23:32 | Advanced Creature Attack |
| 23:33 | Unholy Strength |
| 23:33 | Unholy Armor |
| 25:10 | Sacrificial Pit |
| 25:14 | Spirit Tower |
| 26:37 | Meat Wagon |
| 26:37 | Meat Wagon |
| 26:46 | Scroll of Town Portal |
| 26:47 | Potion of Healing |
| 27:07 | Meat Wagon |
| 27:13 | Acolyte |
| 27:13 | Acolyte |
| 27:14 | Acolyte |
| 28:39 | Obsidian Statue |
| 29:32 | Frost Nova |
| Right click | 1859 |
| Select group | 700 |
| Select | 283 |
| Build/train/purchase | 89 |
| Minimap ping | 33 |
| Use ability | 31 |
| Assign group | 28 |
| Misc. action | 18 |
| Resource trade | 5 |
| Item give/drop | 2 |
| Remove unit | 1 |

| Healing Salve | 1 | 100 |
| total: | 1 | 100g |
| Peon | 13 | 975 | / | 0 |
| Grunt | 15 | 3000 | / | 0 |
| Troll Headhunter | 19 | 2660 | / | 380 |
| Demolisher | 12 | 2640 | / | 600 |
| Troll Berserker | 2 | 280 | / | 40 |
| total: | 61 | 9555g | / | 1020w |
| Watch Tower | 1 | 110 | / | 80 |
| Altar of Storms | 2 | 360 | / | 100 |
| Orc Burrow | 8 | 1280 | / | 320 |
| Barracks | 3 | 540 | / | 150 |
| War Mill | 1 | 205 | / | 0 |
| Voodoo Lounge | 1 | 130 | / | 30 |
| Great Hall | 1 | 385 | / | 185 |
| Spirit Lodge | 1 | 150 | / | 150 |
| Stronghold | 1 | 315 | / | 190 |
| Fortress | 1 | 325 | / | 190 |
| total: | 18 | 3160g | / | 1015w |
| 0:02 | Peon |
| 0:06 | Altar of Storms |
| 0:09 | Altar of Storms |
| 0:19 | Peon |
| 0:38 | Orc Burrow |
| 0:42 | Peon |
| 0:49 | Barracks |
| 0:56 | Peon |
| 1:07 | Peon |
| 1:33 | Peon |
| 1:43 | Orc Burrow |
| 1:52 | Grunt |
| 2:04 | Grunt |
| 2:06 | Peon |
| 2:21 | Peon |
| 2:34 | Critical Strike |
| 2:47 | Grunt |
| 3:05 | Grunt |
| 3:18 | War Mill |
| 3:22 | Peon |
| 4:32 | Orc Burrow |
| 5:27 | Steel Melee Weapons |
| 5:31 | Troll Headhunter |
| 5:31 | Troll Headhunter |
| 5:34 | Orc Burrow |
| 5:35 | Orc Burrow |
| 5:57 | Voodoo Lounge |
| 6:34 | Troll Headhunter |
| 6:35 | Troll Headhunter |
| 6:37 | Steel Ranged Weapons |
| 6:39 | Steel Armor |
| 6:59 | Mirror Image |
| 7:07 | Troll Headhunter |
| 7:25 | Healing Salve |
| 7:38 | Troll Headhunter |
| 7:40 | Grunt |
| 8:13 | Troll Headhunter |
| 11:01 | Grunt |
| 11:01 | Troll Headhunter |
| 11:01 | Grunt |
| 11:20 | Troll Headhunter |
| 11:20 | Grunt |
| 11:27 | Critical Strike |
| 12:32 | Troll Headhunter |
| 12:45 | Great Hall |
| 12:49 | Troll Headhunter |
| 12:49 | Grunt |
| 13:34 | Stronghold |
| 13:37 | Grunt |
| 13:37 | Troll Headhunter |
| 15:11 | Orc Burrow |
| 15:21 | Peon |
| 15:54 | Peon |
| 15:55 | Thorium Melee Weapons |
| 16:03 | Barracks |
| 16:13 | Spirit Lodge |
| 16:40 | Peon |
| 16:40 | Peon |
| 17:00 | Thorium Armor |
| 17:03 | Thorium Ranged Weapons |
| 17:14 | Fortress |
| 17:24 | Troll Headhunter |
| 17:25 | Grunt |
| 17:30 | Berserker Strength |
| 17:36 | Grunt |
| 17:38 | Troll Headhunter |
| 17:51 | Barracks |
| 18:20 | Troll Regeneration |
| 19:37 | Berserker Upgrade |
| 19:40 | Troll Headhunter |
| 19:40 | Troll Headhunter |
| 19:47 | Arcanite Melee Weapons |
| 19:48 | Arcanite Armor |
| 19:49 | Arcanite Ranged Weapons |
| 19:51 | Troll Headhunter |
| 19:54 | Troll Headhunter |
| 19:54 | Troll Headhunter |
| 20:30 | Demolisher |
| 20:30 | Demolisher |
| 20:33 | Orc Burrow |
| 21:53 | Orc Burrow |
| 21:56 | Demolisher |
| 21:56 | Demolisher |
| 21:56 | Demolisher |
| 22:38 | Demolisher |
| 22:38 | Demolisher |
| 23:41 | Demolisher |
| 23:41 | Demolisher |
| 23:41 | Burning Oil |
| 24:46 | Demolisher |
| 24:46 | Demolisher |
| 25:32 | Wind Walk |
| 25:42 | Grunt |
| 25:42 | Troll Berserker |
| 27:09 | Demolisher |
| 27:09 | Grunt |
| 27:09 | Troll Berserker |
| 27:09 | Grunt |
| 27:56 | Watch Tower |
| Right click | 1629 |
| Select | 430 |
| Misc. action | 124 |
| Select group | 97 |
| Build/train/purchase | 96 |
| Assign group | 30 |
| Use ability | 19 |
| Resource trade | 9 |
| Remove unit | 2 |
| Esc | 2 |
156 units @ 12.8k
/ 0.3k
498 buildings @ 24.3k
/ 14.1k
| Peasant | 87 | 6525 | / | 0 |
| Sorceress | 2 | 310 | / | 40 |
| total: | 89 | 6835g | / | 40w |
| Scout Tower | 250 | 7500 | / | 5000 |
| Arcane Tower | 5 | 350 | / | 250 |
| Guard Tower | 87 | 6090 | / | 4350 |
| Altar of Kings | 2 | 360 | / | 100 |
| Farm | 4 | 320 | / | 80 |
| Lumber Mill | 2 | 240 | / | 0 |
| Arcane Vault | 2 | 260 | / | 60 |
| Town Hall | 1 | 385 | / | 205 |
| Arcane Sanctum | 1 | 150 | / | 140 |
| Keep | 1 | 320 | / | 210 |
| Castle | 1 | 360 | / | 210 |
| total: | 262 | 9215g | / | 5585w |
| 0:01 | Peasant |
| 0:03 | Altar of Kings |
| 0:04 | Peasant |
| 0:14 | Peasant |
| 0:17 | Farm |
| 0:21 | Lumber Mill |
| 0:22 | Peasant |
| 0:35 | Peasant |
| 0:39 | Farm |
| 0:50 | Peasant |
| 1:03 | Peasant |
| 1:10 | Lumber Mill |
| 1:18 | Scout Tower |
| 1:21 | Peasant |
| 1:27 | Peasant |
| 1:40 | Scout Tower |
| 1:44 | Arcane Tower |
| 1:46 | Peasant |
| 1:55 | Improved Masonry |
| 2:04 | Peasant |
| 2:11 | Guard Tower |
| 2:12 | Scout Tower |
| 2:23 | Arcane Vault |
| 2:24 | Peasant |
| 2:29 | Scout Tower |
| 2:40 | Peasant |
| 2:42 | Guard Tower |
| 2:46 | Scout Tower |
| 2:54 | Peasant |
| 2:59 | Scout Tower |
| 3:12 | Guard Tower |
| 3:44 | Scout Tower |
| 3:44 | Scout Tower |
| 3:47 | Peasant |
| 3:47 | Peasant |
| 4:10 | Town Hall |
| 4:11 | Peasant |
| 4:23 | Guard Tower |
| 4:28 | Peasant |
| 4:36 | Guard Tower |
| 4:40 | Scout Tower |
| 4:42 | Scout Tower |
| 4:47 | Peasant |
| 5:08 | Guard Tower |
| 5:42 | Keep |
| 5:43 | Peasant |
| 5:43 | Peasant |
| 5:48 | Scout Tower |
| 5:48 | Guard Tower |
| 5:59 | Peasant |
| 6:18 | Guard Tower |
| 6:21 | Scout Tower |
| 6:21 | Scout Tower |
| 6:23 | Scout Tower |
| 6:23 | Scout Tower |
| 6:33 | Peasant |
| 6:34 | Peasant |
| 6:41 | Peasant |
| 6:41 | Peasant |
| 6:51 | Peasant |
| 6:52 | Guard Tower |
| 6:55 | Peasant |
| 7:08 | Peasant |
| 7:20 | Peasant |
| 7:29 | Scout Tower |
| 7:31 | Scout Tower |
| 7:33 | Peasant |
| 7:38 | Guard Tower |
| 7:41 | Scout Tower |
| 7:42 | Scout Tower |
| 7:47 | Scout Tower |
| 7:48 | Scout Tower |
| 7:49 | Scout Tower |
| 7:55 | Scout Tower |
| 7:56 | Guard Tower |
| 7:58 | Scout Tower |
| 8:05 | Advanced Masonry |
| 8:07 | Altar of Kings |
| 8:09 | Peasant |
| 8:10 | Guard Tower |
| 8:40 | Scout Tower |
| 10:53 | Guard Tower |
| 11:00 | Scout Tower |
| 11:01 | Scout Tower |
| 11:06 | Guard Tower |
| 11:07 | Scout Tower |
| 11:07 | Scout Tower |
| 11:10 | Scout Tower |
| 11:11 | Scout Tower |
| 11:11 | Scout Tower |
| 11:13 | Scout Tower |
| 11:15 | Scout Tower |
| 11:23 | Guard Tower |
| 11:27 | Scout Tower |
| 11:35 | Scout Tower |
| 11:36 | Scout Tower |
| 11:36 | Guard Tower |
| 11:37 | Peasant |
| 11:37 | Peasant |
| 11:40 | Guard Tower |
| 11:43 | Scout Tower |
| 11:50 | Peasant |
| 11:52 | Guard Tower |
| 11:57 | Scout Tower |
| 11:58 | Scout Tower |
| 11:59 | Peasant |
| 12:01 | Guard Tower |
| 12:03 | Guard Tower |
| 12:04 | Scout Tower |
| 12:06 | Peasant |
| 12:26 | Castle |
| 12:27 | Guard Tower |
| 12:29 | Scout Tower |
| 12:40 | Peasant |
| 12:42 | Guard Tower |
| 12:43 | Scout Tower |
| 12:45 | Scout Tower |
| 12:45 | Scout Tower |
| 12:47 | Arcane Vault |
| 12:49 | Scout Tower |
| 12:49 | Scout Tower |
| 12:50 | Scout Tower |
| 12:50 | Scout Tower |
| 13:20 | Peasant |
| 13:35 | Guard Tower |
| 13:51 | Peasant |
| 14:09 | Scout Tower |
| 14:10 | Scout Tower |
| 14:11 | Scout Tower |
| 14:13 | Peasant |
| 14:23 | Peasant |
| 14:24 | Improved Lumber Harvesting |
| 14:30 | Scout Tower |
| 14:31 | Scout Tower |
| 14:32 | Scout Tower |
| 14:32 | Scout Tower |
| 14:33 | Scout Tower |
| 14:33 | Scout Tower |
| 14:36 | Guard Tower |
| 14:52 | Scout Tower |
| 14:52 | Scout Tower |
| 14:53 | Scout Tower |
| 14:56 | Arcane Sanctum |
| 14:59 | Guard Tower |
| 15:00 | Scout Tower |
| 15:01 | Scout Tower |
| 15:03 | Scout Tower |
| 15:03 | Scout Tower |
| 15:27 | Scout Tower |
| 15:28 | Scout Tower |
| 15:28 | Scout Tower |
| 15:29 | Scout Tower |
| 15:30 | Scout Tower |
| 15:30 | Scout Tower |
| 15:31 | Scout Tower |
| 15:36 | Scout Tower |
| 15:37 | Scout Tower |
| 15:38 | Scout Tower |
| 15:38 | Scout Tower |
| 15:39 | Scout Tower |
| 15:40 | Scout Tower |
| 15:40 | Scout Tower |
| 15:42 | Guard Tower |
| 15:43 | Scout Tower |
| 15:46 | Scout Tower |
| 15:51 | Peasant |
| 15:51 | Peasant |
| 15:52 | Peasant |
| 15:52 | Peasant |
| 16:03 | Peasant |
| 16:03 | Peasant |
| 16:09 | Arcane Tower |
| 16:10 | Guard Tower |
| 16:12 | Imbued Masonry |
| 16:14 | Advanced Lumber Harvesting |
| 16:16 | Magic Sentry |
| 16:16 | Sorceress Adept Training |
| 16:17 | Sorceress |
| 16:20 | Peasant |
| 16:20 | Peasant |
| 16:26 | Guard Tower |
| 16:29 | Scout Tower |
| 16:30 | Scout Tower |
| 16:31 | Scout Tower |
| 16:31 | Scout Tower |
| 16:32 | Scout Tower |
| 16:34 | Peasant |
| 16:35 | Peasant |
| 16:42 | Guard Tower |
| 16:54 | Peasant |
| 16:55 | Peasant |
| 16:57 | Farm |
| 17:01 | Guard Tower |
| 17:04 | Peasant |
| 17:04 | Peasant |
| 17:17 | Guard Tower |
| 17:24 | Arcane Tower |
| 17:24 | Guard Tower |
| 17:26 | Guard Tower |
| 17:30 | Scout Tower |
| 17:32 | Scout Tower |
| 17:32 | Scout Tower |
| 17:33 | Scout Tower |
| 17:33 | Scout Tower |
| 17:34 | Scout Tower |
| 17:35 | Scout Tower |
| 17:36 | Scout Tower |
| 17:36 | Scout Tower |
| 17:37 | Scout Tower |
| 17:38 | Peasant |
| 17:39 | Peasant |
| 17:42 | Guard Tower |
| 17:45 | Scout Tower |
| 17:46 | Scout Tower |
| 17:51 | Sorceress Master Training |
| 17:58 | Guard Tower |
| 18:00 | Guard Tower |
| 18:05 | Scout Tower |
| 18:11 | Scout Tower |
| 18:12 | Scout Tower |
| 18:13 | Guard Tower |
| 18:15 | Scout Tower |
| 18:15 | Scout Tower |
| 18:17 | Guard Tower |
| 18:23 | Guard Tower |
| 18:30 | Scout Tower |
| 18:30 | Scout Tower |
| 18:31 | Peasant |
| 18:32 | Peasant |
| 18:32 | Guard Tower |
| 18:51 | Guard Tower |
| 18:53 | Scout Tower |
| 18:58 | Scout Tower |
| 18:58 | Scout Tower |
| 18:59 | Scout Tower |
| 19:19 | Guard Tower |
| 19:21 | Scout Tower |
| 19:21 | Scout Tower |
| 19:22 | Scout Tower |
| 19:52 | Guard Tower |
| 19:59 | Peasant |
| 20:00 | Peasant |
| 20:04 | Sorceress |
| 20:06 | Guard Tower |
| 20:22 | Scout Tower |
| 20:23 | Scout Tower |
| 20:28 | Scout Tower |
| 20:28 | Scout Tower |
| 20:32 | Guard Tower |
| 20:40 | Peasant |
| 20:41 | Peasant |
| 20:48 | Scout Tower |
| 20:48 | Scout Tower |
| 20:49 | Scout Tower |
| 20:49 | Scout Tower |
| 20:50 | Scout Tower |
| 20:50 | Scout Tower |
| 20:51 | Scout Tower |
| 20:51 | Scout Tower |
| 20:59 | Peasant |
| 21:00 | Peasant |
| 21:04 | Scout Tower |
| 21:18 | Peasant |
| 21:18 | Peasant |
| 21:19 | Guard Tower |
| 21:39 | Peasant |
| 21:43 | Farm |
| 21:47 | Guard Tower |
| 21:55 | Guard Tower |
| 22:15 | Scout Tower |
| 22:15 | Scout Tower |
| 22:16 | Scout Tower |
| 22:17 | Scout Tower |
| 22:17 | Scout Tower |
| 22:21 | Scout Tower |
| 22:22 | Scout Tower |
| 22:22 | Scout Tower |
| 22:24 | Scout Tower |
| 22:25 | Scout Tower |
| 22:27 | Peasant |
| 22:27 | Peasant |
| 22:36 | Peasant |
| 22:36 | Peasant |
| 22:55 | Arcane Tower |
| 22:56 | Guard Tower |
| 22:57 | Peasant |
| 22:58 | Peasant |
| 23:12 | Peasant |
| 23:12 | Peasant |
| 23:17 | Guard Tower |
| 23:19 | Scout Tower |
| 23:20 | Scout Tower |
| 23:32 | Guard Tower |
| 23:39 | Scout Tower |
| 23:40 | Scout Tower |
| 23:42 | Scout Tower |
| 23:43 | Scout Tower |
| 23:44 | Scout Tower |
| 23:48 | Scout Tower |
| 23:49 | Scout Tower |
| 23:51 | Guard Tower |
| 24:03 | Peasant |
| 24:03 | Peasant |
| 24:09 | Guard Tower |
| 24:33 | Guard Tower |
| 24:33 | Guard Tower |
| 24:40 | Scout Tower |
| 24:41 | Scout Tower |
| 24:48 | Peasant |
| 24:48 | Peasant |
| 25:04 | Scout Tower |
| 25:05 | Scout Tower |
| 25:06 | Scout Tower |
| 25:07 | Scout Tower |
| 25:08 | Scout Tower |
| 25:09 | Guard Tower |
| 25:12 | Scout Tower |
| 25:13 | Scout Tower |
| 25:15 | Scout Tower |
| 25:17 | Scout Tower |
| 25:17 | Scout Tower |
| 25:28 | Scout Tower |
| 25:29 | Scout Tower |
| 25:30 | Scout Tower |
| 25:30 | Scout Tower |
| 25:31 | Scout Tower |
| 25:31 | Scout Tower |
| 25:35 | Scout Tower |
| 25:36 | Scout Tower |
| 25:36 | Scout Tower |
| 25:37 | Scout Tower |
| 25:37 | Scout Tower |
| 25:40 | Guard Tower |
| 25:42 | Scout Tower |
| 25:43 | Scout Tower |
| 25:45 | Scout Tower |
| 25:45 | Scout Tower |
| 25:46 | Scout Tower |
| 25:54 | Scout Tower |
| 25:55 | Scout Tower |
| 26:02 | Guard Tower |
| 26:04 | Guard Tower |
| 26:06 | Scout Tower |
| 26:07 | Scout Tower |
| 26:09 | Guard Tower |
| 26:11 | Scout Tower |
| 26:11 | Scout Tower |
| 26:12 | Scout Tower |
| 26:12 | Scout Tower |
| 26:13 | Scout Tower |
| 26:14 | Guard Tower |
| 26:20 | Scout Tower |
| 26:20 | Scout Tower |
| 26:42 | Guard Tower |
| 26:44 | Scout Tower |
| 26:46 | Scout Tower |
| 26:47 | Scout Tower |
| 26:47 | Scout Tower |
| 26:49 | Guard Tower |
| 26:50 | Scout Tower |
| 26:51 | Scout Tower |
| 26:55 | Scout Tower |
| 26:58 | Scout Tower |
| 26:59 | Scout Tower |
| 26:59 | Scout Tower |
| 27:00 | Guard Tower |
| 27:02 | Scout Tower |
| 27:03 | Scout Tower |
| 27:04 | Scout Tower |
| 27:05 | Scout Tower |
| 27:06 | Guard Tower |
| 27:07 | Scout Tower |
| 27:08 | Scout Tower |
| 27:08 | Scout Tower |
| 27:09 | Scout Tower |
| 27:10 | Peasant |
| 27:10 | Peasant |
| 27:20 | Guard Tower |
| 27:22 | Scout Tower |
| 27:23 | Scout Tower |
| 27:23 | Scout Tower |
| 27:23 | Scout Tower |
| 27:24 | Scout Tower |
| 27:25 | Scout Tower |
| 27:25 | Scout Tower |
| 27:26 | Scout Tower |
| 27:34 | Guard Tower |
| 27:36 | Guard Tower |
| 27:38 | Arcane Tower |
| 27:41 | Scout Tower |
| 27:41 | Scout Tower |
| 27:42 | Scout Tower |
| 27:48 | Guard Tower |
| 27:50 | Scout Tower |
| 27:51 | Scout Tower |
| 27:52 | Scout Tower |
| 27:54 | Guard Tower |
| 28:00 | Scout Tower |
| 28:01 | Scout Tower |
| 28:01 | Scout Tower |
| 28:07 | Guard Tower |
| 28:12 | Peasant |
| 28:12 | Peasant |
| 28:14 | Guard Tower |
| 28:15 | Guard Tower |
| 28:19 | Scout Tower |
| 28:20 | Scout Tower |
| 28:21 | Scout Tower |
| 28:24 | Scout Tower |
| 28:25 | Scout Tower |
| 28:27 | Scout Tower |
| 28:28 | Peasant |
| 28:29 | Peasant |
| 28:29 | Guard Tower |
| 28:32 | Guard Tower |
| 28:36 | Scout Tower |
| 28:38 | Scout Tower |
| 28:38 | Scout Tower |
| 28:39 | Scout Tower |
| 28:43 | Guard Tower |
| 28:55 | Guard Tower |
| 29:02 | Guard Tower |
| 29:07 | Guard Tower |
| 29:08 | Scout Tower |
| 29:08 | Scout Tower |
| 29:11 | Scout Tower |
| 29:11 | Scout Tower |
| 29:13 | Scout Tower |
| 29:13 | Scout Tower |
| 29:14 | Scout Tower |
| 29:14 | Scout Tower |
| 29:15 | Scout Tower |
| 29:19 | Guard Tower |
| 29:21 | Guard Tower |
| 29:34 | Scout Tower |
| 29:35 | Scout Tower |
| 29:40 | Guard Tower |
| 29:49 | Scout Tower |
| 29:50 | Scout Tower |
| 29:50 | Scout Tower |
| 29:51 | Scout Tower |
| 29:52 | Scout Tower |
| 29:55 | Scout Tower |
| 29:56 | Scout Tower |
| 29:56 | Guard Tower |
| 30:08 | Scout Tower |
| 30:08 | Scout Tower |
| 30:21 | Guard Tower |
| 30:24 | Scout Tower |
| 30:24 | Scout Tower |
| 30:31 | Guard Tower |
| 30:37 | Guard Tower |
| Assign group | 827 |
| Right click | 722 |
| Select | 694 |
| Build/train/purchase | 298 |
| Select group | 227 |
| Chat | 135 |
| Use ability | 29 |
| Misc. action | 15 |
| Remove unit | 4 |
| Minimap ping | 2 |


| Healing Salve | 4 | 400 |
| Orb of Lightning | 1 | 375 |
| Boots of Speed | 2 | 500 |
| Staff of Teleportation | 2 | 300 |
| Staff of Sanctuary | 2 | 500 |
| total: | 11 | 2075g |
| Peon | 17 | 1275 | / | 0 |
| Troll Batrider | 4 | 640 | / | 160 |
| total: | 21 | 1915g | / | 160w |
| Watch Tower | 36 | 3960 | / | 2880 |
| Altar of Storms | 2 | 360 | / | 100 |
| Orc Burrow | 3 | 480 | / | 120 |
| War Mill | 1 | 205 | / | 0 |
| Voodoo Lounge | 5 | 650 | / | 150 |
| Great Hall | 1 | 385 | / | 185 |
| Beastiary | 4 | 580 | / | 560 |
| Stronghold | 1 | 315 | / | 190 |
| Fortress | 1 | 325 | / | 190 |
| total: | 52 | 6620g | / | 3995w |
| 0:02 | Peon |
| 0:02 | Peon |
| 0:05 | Altar of Storms |
| 0:18 | Orc Burrow |
| 0:22 | Peon |
| 0:34 | Peon |
| 0:49 | War Mill |
| 0:59 | Voodoo Lounge |
| 1:01 | Voodoo Lounge |
| 1:04 | Peon |
| 1:15 | Peon |
| 1:28 | Peon |
| 1:50 | Peon |
| 2:02 | Watch Tower |
| 2:08 | Peon |
| 2:14 | Healing Salve |
| 2:16 | Orc Burrow |
| 2:23 | Wind Walk |
| 2:34 | Watch Tower |
| 2:39 | Peon |
| 3:04 | Watch Tower |
| 3:37 | Watch Tower |
| 3:59 | Critical Strike |
| 4:07 | Watch Tower |
| 4:17 | Peon |
| 4:17 | Peon |
| 4:30 | Peon |
| 4:38 | Great Hall |
| 4:41 | Watch Tower |
| 5:04 | Stronghold |
| 5:19 | Watch Tower |
| 5:27 | Voodoo Lounge |
| 5:30 | Voodoo Lounge |
| 5:34 | Voodoo Lounge |
| 5:44 | Watch Tower |
| 5:48 | Spiked Barricades |
| 6:07 | Boots of Speed |
| 6:07 | Staff of Teleportation |
| 6:22 | Watch Tower |
| 6:42 | Orc Burrow |
| 7:01 | Watch Tower |
| 7:03 | Wind Walk |
| 7:18 | Peon |
| 7:18 | Peon |
| 7:18 | Peon |
| 7:18 | Peon |
| 7:26 | Watch Tower |
| 8:39 | Watch Tower |
| 10:54 | Healing Salve |
| 11:03 | Fortress |
| 11:06 | Watch Tower |
| 11:09 | Reinforced Defenses |
| 12:08 | Watch Tower |
| 12:10 | Watch Tower |
| 12:18 | Hex |
| 13:04 | Boots of Speed |
| 13:04 | Staff of Teleportation |
| 13:28 | Watch Tower |
| 13:29 | Watch Tower |
| 13:34 | Beastiary |
| 13:36 | Beastiary |
| 14:30 | Watch Tower |
| 14:34 | Watch Tower |
| 14:40 | Liquid Fire |
| 14:49 | Altar of Storms |
| 15:03 | Improved Spiked Barricades |
| 15:03 | Steel Ranged Weapons |
| 15:25 | Orb of Lightning |
| 15:34 | Watch Tower |
| 15:41 | Watch Tower |
| 16:42 | Watch Tower |
| 16:43 | Watch Tower |
| 16:46 | Troll Batrider |
| 17:21 | Troll Batrider |
| 17:25 | Critical Strike |
| 17:44 | Watch Tower |
| 17:46 | Watch Tower |
| 18:55 | Healing Wave |
| 19:09 | Watch Tower |
| 19:12 | Troll Batrider |
| 19:13 | Beastiary |
| 19:14 | Beastiary |
| 19:25 | Watch Tower |
| 20:14 | Watch Tower |
| 20:23 | Healing Salve |
| 20:38 | Troll Batrider |
| 20:50 | Watch Tower |
| 21:54 | Watch Tower |
| 22:00 | Watch Tower |
| 22:10 | Thorium Ranged Weapons |
| 23:29 | Watch Tower |
| 23:30 | Watch Tower |
| 23:42 | Healing Salve |
| 23:46 | Staff of Sanctuary |
| 23:49 | Staff of Sanctuary |
| 23:57 | Arcanite Ranged Weapons |
| 23:57 | Steel Armor |
| 24:43 | Watch Tower |
| 24:45 | Watch Tower |
| 24:55 | Healing Wave |
| 25:47 | Watch Tower |
| 26:39 | Wind Walk |
| 28:59 | Thorium Armor |
| 30:28 | Bladestorm |
| 30:31 | Critical Strike |
| Right click | 2287 |
| Select | 496 |
| Select group | 297 |
| Chat | 203 |
| Build/train/purchase | 94 |
| Misc. action | 90 |
| Use ability | 62 |
| Assign group | 8 |
| Item give/drop | 7 |
| Minimap ping | 5 |
BEARAND
(30:47) : 


| Scroll of Regeneration | 1 | 100 |
| Lesser Clarity Potion | 1 | 70 |
| Staff of Sanctuary | 3 | 750 |
| Orb of Fire | 1 | 325 |
| Scroll of Town Portal | 1 | 350 |
| Boots of Speed | 3 | 750 |
| Staff of Teleportation | 3 | 450 |
| Healing Salve | 1 | 100 |
| Orb of Lightning | 1 | 375 |
| total: | 15 | 3270g |
| Peasant | 16 | 1200 | / | 0 |
| Priest | 1 | 135 | / | 10 |
| Sorceress | 1 | 155 | / | 20 |
| Dragonhawk Rider | 3 | 600 | / | 90 |
| total: | 21 | 2090g | / | 120w |
| Scout Tower | 89 | 2670 | / | 1780 |
| Arcane Tower | 8 | 560 | / | 400 |
| Guard Tower | 47 | 3290 | / | 2350 |
| Altar of Kings | 1 | 180 | / | 50 |
| Farm | 5 | 400 | / | 100 |
| Lumber Mill | 1 | 120 | / | 0 |
| Arcane Vault | 2 | 260 | / | 60 |
| Town Hall | 1 | 385 | / | 205 |
| Blacksmith | 1 | 140 | / | 60 |
| Barracks | 1 | 160 | / | 60 |
| Arcane Sanctum | 1 | 150 | / | 140 |
| Gryphon Aviary | 1 | 140 | / | 150 |
| Keep | 1 | 320 | / | 210 |
| Castle | 1 | 360 | / | 210 |
| total: | 103 | 4605g | / | 2605w |
| 0:02 | Peasant |
| 0:02 | Peasant |
| 0:06 | Altar of Kings |
| 0:09 | Peasant |
| 0:19 | Farm |
| 0:20 | Peasant |
| 0:23 | Peasant |
| 0:50 | Farm |
| 1:07 | Lumber Mill |
| 1:15 | Peasant |
| 1:22 | Scout Tower |
| 1:23 | Scout Tower |
| 1:26 | Peasant |
| 1:34 | Scout Tower |
| 1:37 | Peasant |
| 1:38 | Peasant |
| 1:46 | Scout Tower |
| 1:46 | Scout Tower |
| 1:48 | Peasant |
| 1:52 | Arcane Tower |
| 1:53 | Scout Tower |
| 2:05 | Blizzard |
| 2:08 | Guard Tower |
| 2:11 | Peasant |
| 2:11 | Peasant |
| 2:24 | Scout Tower |
| 2:31 | Arcane Vault |
| 2:41 | Peasant |
| 2:42 | Peasant |
| 2:59 | Guard Tower |
| 3:00 | Guard Tower |
| 3:27 | Brilliance Aura |
| 3:51 | Scout Tower |
| 3:54 | Scout Tower |
| 4:01 | Scout Tower |
| 4:02 | Scout Tower |
| 4:06 | Scroll of Regeneration |
| 4:20 | Keep |
| 4:29 | Guard Tower |
| 4:31 | Improved Masonry |
| 4:36 | Farm |
| 4:37 | Farm |
| 4:50 | Boots of Speed |
| 4:56 | Guard Tower |
| 4:58 | Scout Tower |
| 5:00 | Scout Tower |
| 5:01 | Guard Tower |
| 5:43 | Town Hall |
| 5:47 | Scout Tower |
| 5:50 | Guard Tower |
| 6:03 | Guard Tower |
| 6:07 | Scout Tower |
| 6:07 | Scout Tower |
| 6:09 | Scout Tower |
| 6:09 | Scout Tower |
| 6:10 | Scout Tower |
| 6:12 | Blizzard |
| 6:17 | Guard Tower |
| 6:39 | Staff of Teleportation |
| 7:53 | Scout Tower |
| 7:53 | Scout Tower |
| 7:54 | Scout Tower |
| 7:54 | Scout Tower |
| 7:55 | Advanced Masonry |
| 7:55 | Improved Lumber Harvesting |
| 8:13 | Guard Tower |
| 8:13 | Guard Tower |
| 8:13 | Guard Tower |
| 8:38 | Guard Tower |
| 10:52 | Storm Bolt |
| 10:56 | Peasant |
| 10:56 | Peasant |
| 11:16 | Arcane Sanctum |
| 11:28 | Castle |
| 11:57 | Scout Tower |
| 11:58 | Scout Tower |
| 11:58 | Scout Tower |
| 11:59 | Scout Tower |
| 12:12 | Guard Tower |
| 12:13 | Arcane Tower |
| 12:14 | Guard Tower |
| 12:14 | Arcane Tower |
| 12:15 | Guard Tower |
| 12:25 | Lesser Clarity Potion |
| 12:29 | Healing Salve |
| 12:57 | Magic Sentry |
| 12:57 | Priest |
| 12:58 | Priest Adept Training |
| 13:01 | Guard Tower |
| 13:07 | Scout Tower |
| 13:07 | Scout Tower |
| 13:08 | Scout Tower |
| 13:09 | Scout Tower |
| 13:10 | Scout Tower |
| 13:10 | Scout Tower |
| 13:11 | Scout Tower |
| 13:11 | Scout Tower |
| 13:11 | Scout Tower |
| 13:12 | Scout Tower |
| 13:26 | Boots of Speed |
| 13:26 | Staff of Teleportation |
| 13:40 | Guard Tower |
| 13:56 | Brilliance Aura |
| 14:05 | Arcane Vault |
| 14:39 | Guard Tower |
| 14:53 | Guard Tower |
| 14:55 | Scout Tower |
| 14:56 | Scout Tower |
| 14:56 | Scout Tower |
| 14:58 | Scout Tower |
| 14:58 | Scout Tower |
| 14:59 | Scout Tower |
| 14:59 | Scout Tower |
| 15:02 | Staff of Sanctuary |
| 15:04 | Orb of Lightning |
| 15:08 | Gryphon Aviary |
| 15:09 | Blacksmith |
| 15:10 | Barracks |
| 15:21 | Staff of Sanctuary |
| 15:36 | Sorceress |
| 15:36 | Sorceress Adept Training |
| 15:37 | Holy Light |
| 15:46 | Imbued Masonry |
| 16:39 | Bash |
| 16:41 | Guard Tower |
| 17:28 | Staff of Sanctuary |
| 17:29 | Orb of Fire |
| 17:34 | Dragonhawk Rider |
| 17:35 | Dragonhawk Rider |
| 17:36 | Farm |
| 17:37 | Advanced Lumber Harvesting |
| 17:39 | Guard Tower |
| 17:42 | Scout Tower |
| 17:42 | Scout Tower |
| 17:43 | Scout Tower |
| 17:43 | Scout Tower |
| 17:44 | Scout Tower |
| 17:45 | Scout Tower |
| 17:45 | Scout Tower |
| 17:46 | Scout Tower |
| 18:06 | Scroll of Town Portal |
| 18:09 | Guard Tower |
| 18:34 | Studded Leather Armor |
| 18:36 | Guard Tower |
| 18:37 | Guard Tower |
| 19:06 | Staff of Teleportation |
| 19:06 | Boots of Speed |
| 19:18 | Guard Tower |
| 19:26 | Animal War Training |
| 19:46 | Guard Tower |
| 21:28 | Guard Tower |
| 21:32 | Scout Tower |
| 21:33 | Scout Tower |
| 21:33 | Scout Tower |
| 21:34 | Scout Tower |
| 21:34 | Scout Tower |
| 21:34 | Scout Tower |
| 21:35 | Reinforced Leather Armor |
| 23:20 | Guard Tower |
| 23:22 | Dragonhawk Rider |
| 23:25 | Iron Forged Swords |
| 23:25 | Dragonhide Armor |
| 23:41 | Scout Tower |
| 23:41 | Scout Tower |
| 23:42 | Scout Tower |
| 23:43 | Scout Tower |
| 23:44 | Scout Tower |
| 23:45 | Scout Tower |
| 23:46 | Scout Tower |
| 23:55 | Scout Tower |
| 23:55 | Scout Tower |
| 23:56 | Scout Tower |
| 23:56 | Scout Tower |
| 23:56 | Scout Tower |
| 23:57 | Scout Tower |
| 23:57 | Scout Tower |
| 23:58 | Scout Tower |
| 24:52 | Guard Tower |
| 24:52 | Arcane Tower |
| 24:57 | Arcane Tower |
| 25:19 | Arcane Tower |
| 25:21 | Guard Tower |
| 25:22 | Guard Tower |
| 25:23 | Scout Tower |
| 25:24 | Scout Tower |
| 25:25 | Scout Tower |
| 25:25 | Scout Tower |
| 25:26 | Scout Tower |
| 25:27 | Scout Tower |
| 25:27 | Scout Tower |
| 25:28 | Scout Tower |
| 26:54 | Divine Shield |
| 27:10 | Storm Bolt |
| 27:18 | Blizzard |
| 28:01 | Guard Tower |
| 29:12 | Guard Tower |
| 29:15 | Scout Tower |
| 29:16 | Scout Tower |
| 29:16 | Scout Tower |
| 29:17 | Scout Tower |
| 29:17 | Scout Tower |
| 29:18 | Scout Tower |
| 29:18 | Scout Tower |
| 29:19 | Scout Tower |
| 29:21 | Steel Forged Swords |
| 30:04 | Holy Light |
| Right click | 2834 |
| Select | 798 |
| Chat | 425 |
| Select group | 422 |
| Build/train/purchase | 177 |
| Use ability | 130 |
| Misc. action | 28 |
| Resource trade | 27 |
| Minimap ping | 26 |
| Assign group | 15 |
| Item give/drop | 10 |



| Staff of Sanctuary | 3 | 750 |
| Staff of Teleportation | 3 | 450 |
| Boots of Speed | 2 | 500 |
| Periapt of Vitality | 1 | 325 |
| Circlet of Nobility | 1 | 175 |
| Healing Salve | 3 | 300 |
| Orb of Lightning | 2 | 750 |
| total: | 15 | 3250g |
| Peasant | 24 | 1800 | / | 0 |
| Priest | 1 | 135 | / | 10 |
| total: | 25 | 1935g | / | 10w |
| Scout Tower | 67 | 2010 | / | 1340 |
| Guard Tower | 31 | 2170 | / | 1550 |
| Altar of Kings | 1 | 180 | / | 50 |
| Farm | 6 | 480 | / | 120 |
| Lumber Mill | 2 | 240 | / | 0 |
| Town Hall | 1 | 385 | / | 205 |
| Arcane Vault | 3 | 390 | / | 90 |
| Arcane Sanctum | 1 | 150 | / | 140 |
| Keep | 1 | 320 | / | 210 |
| Castle | 1 | 360 | / | 210 |
| total: | 81 | 3835g | / | 1945w |
| 0:00 | Peasant |
| 0:03 | Altar of Kings |
| 0:05 | Peasant |
| 0:17 | Farm |
| 0:20 | Peasant |
| 0:28 | Peasant |
| 0:40 | Lumber Mill |
| 0:43 | Peasant |
| 1:00 | Farm |
| 1:02 | Peasant |
| 1:13 | Peasant |
| 1:36 | Peasant |
| 2:06 | Scout Tower |
| 2:07 | Scout Tower |
| 2:12 | Scout Tower |
| 2:13 | Scout Tower |
| 2:16 | Blizzard |
| 2:18 | Peasant |
| 2:19 | Peasant |
| 2:20 | Improved Masonry |
| 2:24 | Scout Tower |
| 2:25 | Scout Tower |
| 2:25 | Scout Tower |
| 2:26 | Scout Tower |
| 2:26 | Scout Tower |
| 2:27 | Scout Tower |
| 3:00 | Peasant |
| 3:01 | Guard Tower |
| 3:14 | Guard Tower |
| 3:16 | Peasant |
| 3:51 | Peasant |
| 4:01 | Guard Tower |
| 4:08 | Peasant |
| 4:12 | Guard Tower |
| 4:16 | Staff of Teleportation |
| 4:25 | Guard Tower |
| 4:31 | Scout Tower |
| 4:56 | Scout Tower |
| 4:58 | Scout Tower |
| 5:02 | Brilliance Aura |
| 5:07 | Town Hall |
| 5:12 | Scout Tower |
| 5:17 | Farm |
| 5:24 | Guard Tower |
| 5:26 | Scout Tower |
| 5:29 | Scout Tower |
| 5:29 | Guard Tower |
| 5:49 | Guard Tower |
| 6:10 | Guard Tower |
| 6:12 | Peasant |
| 6:27 | Peasant |
| 6:27 | Peasant |
| 6:33 | Healing Salve |
| 6:38 | Guard Tower |
| 7:27 | Keep |
| 7:39 | Blizzard |
| 7:45 | Peasant |
| 7:46 | Peasant |
| 11:11 | Scout Tower |
| 11:11 | Scout Tower |
| 11:13 | Scout Tower |
| 11:13 | Scout Tower |
| 11:14 | Scout Tower |
| 11:14 | Scout Tower |
| 11:27 | Peasant |
| 12:15 | Guard Tower |
| 12:16 | Guard Tower |
| 12:19 | Scout Tower |
| 12:20 | Scout Tower |
| 12:20 | Scout Tower |
| 12:21 | Scout Tower |
| 12:25 | Guard Tower |
| 12:47 | Peasant |
| 12:51 | Advanced Masonry |
| 12:52 | Peasant |
| 12:54 | Healing Salve |
| 13:02 | Peasant |
| 13:03 | Guard Tower |
| 13:05 | Scout Tower |
| 13:05 | Scout Tower |
| 13:07 | Guard Tower |
| 13:08 | Guard Tower |
| 13:09 | Scout Tower |
| 13:10 | Scout Tower |
| 13:10 | Scout Tower |
| 13:10 | Scout Tower |
| 13:19 | Scout Tower |
| 13:19 | Scout Tower |
| 13:20 | Scout Tower |
| 13:46 | Storm Bolt |
| 14:04 | Brilliance Aura |
| 14:45 | Guard Tower |
| 14:47 | Scout Tower |
| 14:47 | Scout Tower |
| 14:49 | Scout Tower |
| 14:49 | Scout Tower |
| 14:50 | Scout Tower |
| 14:51 | Scout Tower |
| 14:52 | Castle |
| 14:54 | Scout Tower |
| 14:55 | Scout Tower |
| 14:55 | Scout Tower |
| 14:59 | Guard Tower |
| 15:00 | Scout Tower |
| 15:02 | Scout Tower |
| 15:15 | Staff of Teleportation |
| 15:15 | Boots of Speed |
| 15:22 | Improved Lumber Harvesting |
| 15:29 | Guard Tower |
| 15:45 | Orb of Lightning |
| 15:46 | Guard Tower |
| 15:47 | Scout Tower |
| 15:51 | Scout Tower |
| 15:55 | Scout Tower |
| 15:56 | Scout Tower |
| 15:57 | Scout Tower |
| 15:58 | Scout Tower |
| 16:03 | Guard Tower |
| 16:07 | Scout Tower |
| 16:09 | Scout Tower |
| 16:09 | Scout Tower |
| 16:49 | Guard Tower |
| 16:50 | Guard Tower |
| 16:51 | Guard Tower |
| 17:28 | Peasant |
| 17:29 | Imbued Masonry |
| 17:29 | Advanced Lumber Harvesting |
| 17:31 | Lumber Mill |
| 17:32 | Arcane Sanctum |
| 17:36 | Guard Tower |
| 17:43 | Guard Tower |
| 17:47 | Scout Tower |
| 17:50 | Scout Tower |
| 17:52 | Scout Tower |
| 18:10 | Bash |
| 18:23 | Staff of Teleportation |
| 18:23 | Boots of Speed |
| 18:42 | Guard Tower |
| 18:46 | Magic Sentry |
| 18:49 | Farm |
| 19:07 | Periapt of Vitality |
| 19:07 | Circlet of Nobility |
| 19:17 | Arcane Vault |
| 19:17 | Arcane Vault |
| 19:18 | Arcane Vault |
| 19:39 | Healing Salve |
| 20:17 | Staff of Sanctuary |
| 20:19 | Orb of Lightning |
| 20:21 | Holy Light |
| 20:33 | Staff of Sanctuary |
| 20:37 | Staff of Sanctuary |
| 25:14 | Farm |
| 25:14 | Farm |
| 25:28 | Priest |
| 26:33 | Storm Bolt |
| 27:02 | Divine Shield |
| 27:23 | Blizzard |
| 27:48 | Scout Tower |
| 27:49 | Scout Tower |
| 27:49 | Scout Tower |
| 27:50 | Scout Tower |
| 27:50 | Scout Tower |
| 28:37 | Guard Tower |
| 28:38 | Scout Tower |
| 28:38 | Scout Tower |
| 28:38 | Scout Tower |
| 28:38 | Scout Tower |
| 29:11 | Guard Tower |
| 29:13 | Guard Tower |
| Right click | 1884 |
| Select | 1322 |
| Select group | 356 |
| Chat | 173 |
| Assign group | 122 |
| Build/train/purchase | 122 |
| Use ability | 111 |
| Misc. action | 12 |
| Minimap ping | 12 |
| Item give/drop | 8 |
| Resource trade | 6 |